Map: Ley Lines

Players

ManlyManMeat - Winner!

  • Race: Zerg Zerg
  • League: Master
  • Spawn Location: 7:00

gultek

  • Race: Terran Terran
  • League: Platinum
  • Spawn Location: 1:00

VOD

Have the link to the VOD?

Description

Time

  • Played on: June 15, 2025, 2:55 p.m.
  • Length: 20:54
Show
View Real Time Build Order
Export as new Build Order

ManlyManMeat Zerg - Winner!

Build Orders: Hatch First 

Get SALT Encoding   

  12  0:07  Drone  
  12  0:08  Drone  
  14  0:16  Overlord  
  14  0:21  Extractor  
  13  0:24  Drone  
  15  0:35  Drone  
  16  0:39  Drone  
  17  0:52  Hatchery  
  17  0:55  Drone  
  17  1:01  Drone  
  18  1:11  Spawning Pool  
  18  1:15  Drone  
  18  1:18  Extractor  
  17  1:25  Drone  
  18  1:37  Drone  
  19  1:44  Drone  
  20  1:55  Drone  
  21  2:03  Queen x2  
  21  2:04  Overlord  
  21  2:06  Drone  
  26  2:20  Spine Crawler  
  25  2:36  Zergling x8  
  29  2:37  Spine Crawler  
  28  3:01  Zergling x8  
  28  3:02  Zergling x4  
  34  3:13  Drone  
  34  3:14  Zergling x2  
  20  3:37  Drone x6  
  23  3:50  Drone  
  24  4:06  Drone x3  
  27  4:10  Metabolic Boost  
  27  4:16  Drone  
  28  4:34  Overlord  
  28  4:41  Overlord  
  28  4:58  Drone x2  
  28  4:59  Drone x3  
  30  5:09  Drone x4  
  34  5:16  Hatchery  
  34  5:17  Drone x3  
  34  5:20  Drone  
  37  5:27  Queen  
  39  5:30  Extractor  
  38  5:40  Overlord  
  38  5:48  Queen  
  40  5:52  Roach Warren  
  39  6:20  Drone x4  
  39  6:21  Overlord x2  
  39  6:24  Overlord x2  
  43  6:28  Queen x2  
  43  6:32  Drone, Zergling x4  
  50  6:51  Zergling x14  
  57  7:04  Lair  
  57  7:21  Drone x2  
  59  7:23  Zergling x2  
  59  7:24  Zergling x12  
  59  7:25  Zergling x4  
  59  7:27  Baneling Nest  
  67  7:40  Zergling x12  
  67  7:41  Zergling x6  
  76  7:45  Overlord x2  
  76  8:01  Overlord x2  
  62  8:44  Hatchery  
  62  8:45  Hatchery  
  60  9:01  Baneling  
  60  9:02  Zergling x2, Baneling x4  
  61  9:03  Zergling x10  
  66  9:11  Roach  
  68  9:19  Hatchery  
  54  9:55  Roach  
  54  9:56  Roach x7  
  70  10:00  Extractor  
  69  10:10  Zergling x2  
  69  10:11  Zergling x18, Hatchery  
  78  10:14  Extractor  
  78  10:20  Extractor  
  76  10:30  Zergling x10  
  76  10:31  Zergling x2  
  76  10:33  Drone x4  
  86  10:37  Drone  
  86  10:58  Overlord x5  
  86  11:00  Drone x9  
  95  11:10  Drone x3  
  98  11:18  Centrifugal Hooks, Glial Reconstitution  
  98  11:19  Evolution Chamber  
  98  11:20  Evolution Chamber  
  98  11:24  Infestation Pit  
  95  11:26  Spire  
  95  11:27  Drone x4  
  95  11:28  Drone x5  
  95  11:29  Drone  
  94  12:03  Drone x2  
  94  12:04  Drone  
  94  12:06  Infestor  
  94  12:07  Infestor x2  
  103  12:14  Hive  
  101  12:24  Extractor  
  91  12:47  Spore Crawler x2  
  89  12:59  Drone x6  
  89  13:00  Drone x3  
  98  13:10  Zerg Flyer Weapons Level 1  
  98  13:12  Zerg Melee Weapons Level 1, Neural Parasite, Zerg Missile Weapons Level 1  
  98  13:18  Mutalisk  
  98  13:19  Mutalisk x2  
  104  13:20  Zergling x18  
  104  13:21  Zergling x34  
  130  13:45  Zergling x28  
  130  13:46  Overlord x3  
  141  14:03  Overlord x4  
  141  14:07  Pneumatized Carapace  
  141  14:08  Overseer  
  141  14:10  Overseer x3  
  141  14:29  Drone  
  141  14:30  Drone x4  
  146  14:48  Baneling x7  
  146  14:49  Baneling x7  
  146  14:54  Zergling x2  
  146  14:55  Zergling x24  
  159  15:03  Drone x5  
  106  15:37  Burrow  
  106  15:41  Zerg Melee Weapons Level 2, Zerg Ground Armor Level 1  
  106  15:43  Zergling x40, Ultralisk Cavern x2  
  106  15:44  Zergling x12  
  130  15:54  Zergling x2  
  130  15:55  Zergling x6  
  134  16:30  Extractor  
  134  16:31  Extractor  
  132  16:37  Extractor  
  131  16:41  Zergling x14  
  131  16:42  Zergling x2, Ultralisk x2  
  131  16:43  Ultralisk x2  
  163  16:52  Infestor x2  
  162  16:56  Drone x2  
  164  17:03  Adrenal Glands  
  164  17:04  Chitinous Plating  
  164  17:09  Roach x9  
  164  17:17  Zergling x14  
  164  17:18  Zergling x36  
  132  18:07  Zergling x2  
  132  18:08  Zergling x22  
  136  18:18  Baneling x4  
  136  18:19  Baneling x6  
  129  18:20  Zergling x26  
  129  18:21  Zergling x12  
  127  19:08  Hatchery  
  124  19:13  Ultralisk  
  124  19:14  Ultralisk x4  
  152  19:23  Baneling x6  
  152  19:24  Baneling x4  
  152  19:25  Overlord x2  
  152  19:26  Overlord x5  
  131  20:01  Ultralisk x4  
  131  20:06  Zergling x20  
  131  20:07  Zergling x22  
Show
View Real Time Build Order
Export as new Build Order

gultek Terran 

Build Orders:  

Get SALT Encoding   

  12  0:00  SCV  
  13  0:13  SCV  
  14  0:18  Supply Depot  
  14  0:27  SCV  
  15  0:42  Barracks  
  15  0:52  Barracks  
  15  0:55  SCV  
  16  1:02  Refinery  
  16  1:09  SCV  
  17  1:15  Supply Depot  
  17  1:28  Marine  
  17  1:32  Orbital Command  
  18  1:39  Marine  
  19  1:48  Marine  
  20  1:58  Marine  
  21  2:05  Bunker  
  21  2:11  Bunker  
  21  2:14  Marine  
  22  2:25  Factory, SCV  
  23  2:39  Marine  
  24  2:54  Marine  
  24  2:57  Marine  
  26  3:09  Factory Tech Lab  
  26  3:12  Marine  
  27  3:14  Command Center  
  27  3:15  Marine  
  28  3:30  Marine  
  28  3:33  Marine  
  22  3:48  Marine  
  23  3:51  Marine  
  23  3:52  SCV  
  25  4:02  Siege Tank  
  28  4:04  SCV  
  30  4:18  Bunker  
  29  4:40  Starport  
  29  4:57  Barracks  
  29  5:05  Supply Depot  
  29  5:16  Starport Tech Lab  
  29  5:17  SCV  
  30  5:26  Refinery  
  30  5:28  Siege Tank  
  33  5:29  SCV  
  33  5:32  SCV  
  33  5:33  Bunker  
  35  5:43  Barracks Tech Lab  
  35  5:45  Barracks Reactor  
  35  5:49  Banshee  
  35  5:55  Command Center, SCV  
  39  6:08  SCV  
  40  6:15  Marine  
  41  6:33  Marine  
  41  6:37  Siege Tank  
  41  6:38  Medivac  
  41  6:39  Marine x2  
  49  6:44  Orbital Command  
  49  6:51  Marine  
  50  6:57  Marine x2  
  52  7:02  Stimpack  
  52  7:05  Supply Depot, SCV  
  53  7:09  Marine  
  53  7:15  Marine x2  
  56  7:27  Marine  
  56  7:29  Supply Depot  
  57  7:32  Marine  
  57  7:33  Marine  
  59  7:45  Marine  
  59  7:50  Marine x2  
  59  7:51  SCV x2  
  64  7:55  SCV  
  65  8:02  Marine  
  65  8:03  SCV x2  
  67  8:07  SCV  
  67  8:08  Marine x2  
  70  8:15  SCV  
  70  8:20  Marine  
  70  8:26  Marine x2  
  50  8:36  Supply Depot  
  50  8:37  Orbital Command, Supply Depot  
  50  8:38  Marine  
  51  8:44  Barracks, Marine x2  
  50  8:53  Starport Reactor  
  50  8:56  Marine  
  50  9:01  Marine  
  50  9:02  Marine  
  53  9:09  Siege Tank  
  56  9:10  Command Center  
  56  9:11  SCV  
  56  9:12  SCV  
  56  9:13  SCV  
  56  9:14  Marine  
  56  9:16  Refinery  
  60  9:18  Combat Shield  
  60  9:19  Marine x2  
  60  9:23  Engineering Bay, SCV  
  63  9:25  SCV x2  
  64  9:31  Marine  
  64  9:33  Supply Depot  
  64  9:35  SCV  
  64  9:37  Marine x2  
  64  9:49  Marine  
  65  9:55  Marine x2  
  67  10:04  Marauder  
  67  10:05  Medivac  
  67  10:06  Medivac  
  73  10:07  Marine  
  73  10:13  Marine x2  
  76  10:23  Siege Tank  
  76  10:25  Marauder, Marine  
  82  10:30  Marine  
  82  10:31  Marine  
  84  10:37  Bunker, SCV  
  84  10:39  Refinery  
  85  10:43  Marine  
  85  10:46  Bunker, Marine  
  85  10:48  Marine  
  85  10:49  Marine, SCV  
  84  11:00  Marine  
  84  11:04  Marine  
  81  11:06  Marine x2  
  84  11:13  Bunker  
  84  11:18  Marine  
  84  11:21  Marine, Siege Tank  
  84  11:24  Marine x2  
  91  11:36  Marine  
  91  11:39  Marine  
  87  11:42  Marine x2  
  83  11:52  SCV x2  
  83  11:53  Siege Tank, Planetary Fortress  
  88  11:54  Marauder  
  88  11:56  Supply Depot  
  88  11:58  Marauder  
  88  12:00  Marine x2  
  94  12:16  Marauder  
  94  12:17  Marine  
  94  12:18  Marine x2  
  98  12:34  Supply Depot  
  98  12:35  Marine x2  
  98  12:36  Marine  
  101  12:37  Marine  
  101  12:38  SCV x3  
  105  12:44  SCV  
  105  12:50  SCV x2  
  108  12:52  Supply Depot  
  108  12:53  Marine x2  
  108  12:54  Marine x2  
  112  13:00  Siege Tank  
  115  13:11  Marine x2  
  115  13:12  Marine x2  
  118  13:17  Orbital Command  
  119  13:29  Marine x2  
  119  13:30  Marine x2  
  119  13:31  Medivac x2  
  119  13:32  Barracks  
  127  13:35  Terran Infantry Weapons Level 1  
  127  13:37  Engineering Bay  
  127  13:38  Concussive Shells  
  127  13:46  Marine  
  127  13:47  Marine x2  
  130  13:48  Marauder  
  132  14:06  Marauder  
  132  14:07  Marine x2  
  136  14:16  Marine  
  137  14:20  Barracks  
  137  14:24  Marine x2  
  137  14:27  Marine  
  140  14:34  Marine  
  141  14:42  Marine x2  
  143  14:58  Missile Turret x2  
  143  14:59  Missile Turret  
  143  15:02  Missile Turret  
  143  15:03  Missile Turret x2  
  143  15:05  SCV x2  
  145  15:14  Marine x2  
  125  15:15  Missile Turret  
  125  15:18  Missile Turret  
  125  15:24  Marine  
  125  15:27  Marine  
  105  15:34  Marine  
  95  15:38  Marine  
  95  15:42  Marine  
  97  15:44  SCV x3  
  97  15:45  Marine  
  101  15:52  Marine  
  101  15:56  Marine, SCV x2  
  101  15:57  SCV  
  106  15:59  Marine  
  106  16:02  Marine  
  108  16:08  SCV  
  108  16:09  Marine  
  108  16:11  Missile Turret, Siege Tank  
  113  16:14  Marine  
  113  16:17  Marine, SCV  
  116  16:19  Missile Turret, SCV  
  116  16:20  Marine, SCV  
  119  16:27  Refinery, Marine  
  119  16:29  SCV  
  119  16:31  Marine, SCV  
  123  16:35  Missile Turret, SCV  
  123  16:39  Missile Turret  
  124  16:41  SCV  
  124  16:42  Marauder  
  124  16:43  Siege Tank  
  130  16:49  Medivac x2  
  134  16:56  Missile Turret  
  134  17:03  Marine x3  
  134  17:04  Marine x2  
  139  17:10  Marauder  
  141  17:18  Medivac  
  141  17:19  Medivac  
  141  17:21  Marine  
  146  17:23  Marine x2  
  148  17:32  Missile Turret, Supply Depot, Refinery  
  148  17:41  Marine x2  
  148  17:42  SCV  
  148  17:53  Marine x4, SCV x2  
  148  17:54  SCV  
  148  17:59  Marine x2  
  135  18:05  SCV x2  
  135  18:11  Marine x3  
  135  18:12  Marine  
  124  18:17  Marine x2  
  107  18:29  Marine x4  
  104  18:35  Marine x2  
  93  18:46  Marine  
  93  18:47  Marine x3  
  81  18:52  Marine x2  
  73  19:04  Marine  
  73  19:05  Marine x3  
  76  19:10  Marine x2  
  76  19:16  Bunker  
  78  19:22  Marine x2  
  78  19:23  Marine x2  
  82  19:25  Orbital Command  
  82  19:28  Marine x2  
  82  19:29  Siege Tank  
  86  19:40  Marine x3  
  86  19:41  Marine  
  82  19:46  Marine x2  
  82  19:47  Bunker  
  68  19:58  Marine x4  
  49  20:01  Siege Tank  
  49  20:04  Marine x2  
  49  20:06  Orbital Command  
  44  20:08  SCV  
  45  20:15  Marine  
  45  20:16  Marauder, Marine x2  
  51  20:22  Marauder, Marine  
  52  20:33  Marine  
  52  20:34  Marine x2  
  55  20:38  Supply Depot  
Tags
 
Matchup
TvZ
Replay Pack
Myownreplay2
Spawn Locations
Cross Positions
Add a new tag
Caveats
  • Supply blocks, unpowered buildings, or Contaminate may cause inaccurate times.
  • Supply counts are checked every 10 seconds.